 Dungeon Crawl Stone Soup version 0.14-a0-445-g388476e (webtiles) character file.

25 4tharraofdagon the Sneak (level 2, -6/13 HPs)
             Began as a Spriggan Enchanter on Oct 30, 2013.
             Killed from afar by Edmund (8 damage)
             ... with a wand of flame
             ... on Level 6 of the Dungeon.
             The game lasted 00:02:55 (430 turns).

4tharraofdagon the Sneak (Spriggan Enchanter)        Turns: 430, Time: 00:02:56

HP  -6/13        AC  3     Str  4      XL: 2   Next: 10%
MP   0/6         EV 17     Int 16      God:
Gold 15          SH 10     Dex 16      Spells:  2 memorised,  0 levels left

Res.Fire  : . . .   See Invis. : +   a - +1 dagger
Res.Cold  : . . .   Warding    : .   b - +1 robe
Life Prot.: . . .   Conserve   : .   h - +0 orc buckler
Res.Poison: .       Res.Corr.  : .   (helmet restricted)
Res.Elec. : .       Clarity    : .   (no cloak)
Sust.Abil.: . .     Spirit.Shd : .   (gloves unavailable)
Res.Mut.  : .       Stasis     : .   (boots unavailable)
Res.Rott. : .       Flight     : .   (no amulet)
Saprovore : . . .                    (no ring)
                                     (no ring)

@: very quick, slightly resistant to hostile enchantments, stealthy
A: unfitting armour, see invisible, herbivore 3, speed 3, slow metabolism 2
a: no special abilities


You were on level 6 of the Dungeon.
You were not hungry.

You visited 1 branch of the dungeon, and saw 6 of its levels.

You collected 59 gold pieces.
You spent 64 gold pieces at shops.

Inventory:

Hand weapons
 a - a +1,+1 dagger (weapon)
 g - a +0,+0 dwarven dagger
 o - a +0,+1 dagger of holy wrath
Missiles
 d - 12 darts (quivered)
Armour
 b - a +1 robe (worn)
 h - a +0 orcish buckler (worn)
Comestibles
 i - an apple
 l - 2 bread rations
Scrolls
 k - a scroll of remove curse {unknown}
Jewellery
 f - an uncursed amulet of warding {unknown}
 j - an uncursed ring of fire
 p - an uncursed amulet of clarity {unknown}
Potions
 e - a potion of porridge
 m - a potion of beneficial mutation {unknown}
 n - a potion of curing {unknown}
Books
 c - a book of Maledictions

   Spells                             Type                      Level
   *Corona                            Hexes                        1
   Sure Blade                         Hexes/Charms                 2
   *Ensorcelled Hibernation           Hexes/Ice                    2
   Confuse                            Hexes                        3
   Enslavement                        Hexes                        4
   Invisibility                       Hexes                        6


   Skills:
 * Level 1.2 Short Blades
 - Level 1.1 Throwing
 - Level 3.0 Dodging
 * Level 3.9 Stealth
 + Level 1.4 Spellcasting
 + Level 3.8 Hexes


You couldn't memorise any spells.
You knew the following spells:

 Your Spells              Type           Power        Failure   Level  Hunger
a - Corona                Hex            ##.....      8%          1    ##.....
b - Ensorcelled Hibernat  Hex/Ice        #.....       21%         2    ###....


Dungeon Overview and Level Annotations

Branches:
Dungeon (6/27)
 Temple: D:4-7          Orc: D:6-11

Altars:

Shops:
D:6 (

Annotations:
D:2 Jessica
D:6 Edmund


Innate Abilities, Weirdness & Mutations

You are tiny and cannot use many weapons and most armour.
You have supernaturally acute eyesight.
You are a herbivore.
You cover ground extremely quickly.
You need consume almost no food.


Message History

Confirm with . or Enter, or press ? or * to list all spells.
Aiming: Ensorcelled Hibernation
Press: ? - help, Shift-Dir - straight line, f/p - Edmund
Aim: Edmund, wielding a glowing flail, wearing a glowing chain mail and carrying a wand of flame {zapped: 1} (heavily wounded) Edmund resists.
Casting: Ensorcelled Hibernation
Confirm with . or Enter, or press ? or * to list all spells.
Aiming: Ensorcelled Hibernation
Press: ? - help, Shift-Dir - straight line, f/p - Edmund
Aim: Edmund, wielding a glowing flail, wearing a glowing chain mail and carrying a wand of flame {zapped: 1} (heavily wounded) Edmund looks drowsy...
The helpless Edmund fails to defend himself.
You puncture Edmund!
Edmund is severely wounded.
Edmund barely misses you.
Unknown command.
Edmund zaps a wand.
The puff of flame misses you.
Edmund zaps a wand.
The puff of flame hits you!
Ouch! That really hurt!
You die...

#.# #.#.. #.# #.#.## #.#
#....# #.# #....# #.#
#....# #.# #....#. # #.#
#....#.. #.###@###....#.#
#........@...#.#
#######.####...#.#
#..............#.#
##.####......#.#.#
##.###########.#.#####..
#........................
##.#.#########.#.#####.G
##.#.#########.#.#
#............#.#'###


You could see Edmund.

Vanquished Creatures
  3 goblins
  3 kobolds (D:1)
  A quokka (D:2)
  A bat (D:2)
  2 rats
10 creatures vanquished.

Notes
Turn   | Place    | Note
--------------------------------------------------------------
     0 | D:1      | 4tharraofdagon, the Spriggan Enchanter, began the quest for the Orb.
     0 | D:1      | Reached XP level 1. HP: 9/9 MP: 4/4
   132 | D:2      | Reached XP level 2. HP: 2/13 MP: 4/6
   136 | D:2      | Learned a level 2 spell: Ensorcelled Hibernation
   159 | D:2      | Noticed Jessica
   217 | D:4      | Noticed an ice beast
   223 | D:5      | Entered Level 5 of the Dungeon
   316 | D:6      | Found Crioc's Antique Weapon Shop.
   371 | D:6      | Bought a runed dagger for 64 gold pieces
   409 | D:6      | Noticed Edmund
   430 | D:6      | Killed from afar by Edmund

Action                   || total
-------------------------++-------
Melee: Dagger            ||    37
 Cast: Corona            ||     6
       Ensorcelled Hiber ||     6
  Use: Scroll            ||     1
       Potion            ||     1
 Stab: Sleeping          ||     4
